 Dungeon Crawl Stone Soup version 0.28.0 (webtiles) character file.

Game seed: 3211717570949772649

276 psuckher the Covert (level 6, 0/53 HPs)
             Began as a Gnoll Delver on Feb 16, 2022.
             Splashed by a jelly's acid (4 damage)
             ... on level 5 of the Dungeon.
             The game lasted 00:03:12 (324 turns).

psuckher the Covert (Gnoll Delver)                   Turns: 324, Time: 00:03:17

Health: 0/53       AC:  3    Str: 14    XL:     6   Next: 25%
Magic:  7/8        EV: 13    Int:  9    God:
Gold:   38         SH:  0    Dex: 13    Spells: 8/8 levels left

rFire   + . .      SeeInvis .   p - +0 morningstar
rCold   + . .      Faith    .   (no shield)
rNeg    . . .      Spirit   .   b - +0 leather armour
rPois   +          Reflect  .   i - +0 hat
rElec   +          Harm     .   (no cloak)
rCorr   +          Rampage  .   (no gloves)
Will    .....                   (no boots)
Stlth   ++++......              (no amulet)
HPRegen 0.17/turn               (no ring)
MPRegen 0.11/turn               (no ring)

@: resistant, on berserk cooldown, flying, slowed, very slow
A: fangs 1, strong nose, distributed training
a: no special abilities


You were on level 5 of the Dungeon.
You visited 1 branch of the dungeon, and saw 1 of its levels.

You collected 38 gold pieces.

Inventory:

Hand Weapons
 a - a +0 short sword
 o - a +2 hand axe of venom
 p - a +0 morningstar (weapon)
Missiles
 k - 51 arrows
 l - 31 stones (quivered)
Armour
 b - a +0 leather armour (worn)
 i - a +0 hat (worn)
Wands
 g - a wand of digging (3)
 j - a wand of iceblast (1)
Scrolls
 c - a scroll of fog
 d - 2 scrolls of magic mapping
 e - a scroll of fear
 n - a scroll of identify {unknown}
Potions
 f - a potion of haste


   Skills:
 + Level 6.8 Fighting
 + Level 4.9 Short Blades
 + Level 1.9 Long Blades
 + Level 1.9 Axes
 + Level 1.9 Maces & Flails
 + Level 1.9 Polearms
 + Level 1.9 Staves
 + Level 1.9 Slings
 + Level 1.9 Bows
 + Level 1.9 Crossbows
 + Level 1.9 Throwing
 + Level 1.9 Armour
 + Level 4.9 Dodging
 + Level 9.7 Stealth
 + Level 1.9 Shields
 + Level 1.9 Unarmed Combat
 + Level 1.9 Spellcasting
 + Level 1.5 Conjurations
 + Level 1.5 Hexes
 + Level 1.5 Summonings
 + Level 1.5 Necromancy
 + Level 1.5 Translocations
 + Level 1.5 Transmutations
 + Level 1.5 Fire Magic
 + Level 1.5 Ice Magic
 + Level 1.5 Air Magic
 + Level 1.5 Earth Magic
 + Level 1.5 Poison Magic
 + Level 2.1 Invocations
 + Level 1.9 Evocations


You had 8 spell levels left.
You didn't know any spells.
Your spell library contained the following spells:

 Spells                   Type           Power      Damage    Failure   Level
 Corpse Rot               Necr/Air       6%         N/A       34%         2
 Poisonous Vapours        Pois/Air       6%         N/A       34%         2
 Summon Lightning Spire   Summ/Air       3%         N/A       92%         4
 Storm Form               Tmut/Air       1%         N/A       100%        7
 Maxwell's Capacitive Co  Air            1%         ∞         100%        8


Dungeon Overview and Level Annotations

Branches:
Dungeon (5/15)
 Temple: D:4-7

Altars:


Innate Abilities, Weirdness & Mutations

You have very sharp teeth.
Your uncanny sense of smell can sniff out nearby items.
Your experience applies equally to all skills.


Message History

The ice beast is heavily wounded.
The ice beast misses you.
You hit the ice beast but do no damage.
The ice beast is heavily wounded.
You barely miss the ice beast.
The ice beast is heavily wounded.
The ice beast hits you but does no damage.
You impale the ice beast!!
You kill the ice beast!
You are no longer berserk.
You are exhausted.
You feel yourself slow down.
Your Invocations skill increases to level 2!
You have reached level 6!
Aiming: Iceblast
Press: ? - help, Shift-Dir - straight line, f - jelly
Aim: a jelly The mass of ice explodes!
The iceblast engulfs the jelly!
The jelly is severely wounded.
The iceblast engulfs the bullfrog skeleton!
The bullfrog skeleton partially resists.
The bullfrog skeleton is moderately damaged.
The jelly barely misses you.
It was a potion of resistance.
You feel protected. The jelly closely misses you.
It was a potion of flight.
You feel very buoyant.
You fly up into the air.
The jelly hits you but does no damage. x2
You hit the jelly.
Your hands burn!
* * * LOW HITPOINT WARNING * * *
The jelly is severely wounded.
The jelly misses you. The jelly barely misses you.
You hit the jelly but do no damage.
Your hands burn!
* * * LOW HITPOINT WARNING * * *
The jelly is severely wounded.
The jelly misses you. The jelly hits you.
* * * LOW HITPOINT WARNING * * *
You are splashed with acid.
You resist.
You die...

##...##
.(.<.##
......
.(... ∆
#...
#.. #Z#
#J#
#@####
#....#
####.#
#.# #.#
#.# #.#
#.#
#.##
#.#
#.#.


You could see a jelly and a bullfrog skeleton.

Vanquished Creatures
  A water moccasin (D:5)
  An ice beast (D:5)
  A howler monkey (D:5)
  An orc priest (D:5)
  An ufetubus (D:5)
  4 orcs (D:5)
  A quokka (D:5)
10 creatures vanquished.

Notes
Turn   | Place    | Note
-------+----------+-------------------------------------------
     0 | D:5      | Reached skill level 9 in Stealth
     0 | D:5      | psuckher the Gnoll Delver began the quest for the Orb.
     0 | D:5      | Reached XP level 1. HP: 23/23 MP: 1/1
   172 | D:5      | Noticed an orc priest
   178 | D:5      | Reached XP level 2. HP: 15/29 MP: 2/2
   179 | D:5      | Reached XP level 3. HP: 19/35 MP: 2/4
   291 | D:5      | Noticed a water moccasin
   295 | D:5      | Reached skill level 1 in Invocations
   299 | D:5      | Killed a water moccasin
   300 | D:5      | Reached skill level 1 in Long Blades
   300 | D:5      | Reached skill level 1 in Axes
   300 | D:5      | Reached skill level 1 in Maces & Flails
   300 | D:5      | Reached skill level 1 in Polearms
   300 | D:5      | Reached skill level 1 in Staves
   300 | D:5      | Reached skill level 1 in Slings
   300 | D:5      | Reached skill level 1 in Bows
   300 | D:5      | Reached skill level 1 in Crossbows
   300 | D:5      | Reached skill level 1 in Throwing
   300 | D:5      | Reached skill level 1 in Armour
   300 | D:5      | Reached skill level 1 in Shields
   300 | D:5      | Reached skill level 1 in Unarmed Combat
   300 | D:5      | Reached skill level 1 in Spellcasting
   300 | D:5      | Reached skill level 1 in Conjurations
   300 | D:5      | Reached skill level 1 in Hexes
   300 | D:5      | Reached skill level 1 in Summonings
   300 | D:5      | Reached skill level 1 in Necromancy
   300 | D:5      | Reached skill level 1 in Translocations
   300 | D:5      | Reached skill level 1 in Transmutations
   300 | D:5      | Reached skill level 1 in Fire Magic
   300 | D:5      | Reached skill level 1 in Ice Magic
   300 | D:5      | Reached skill level 1 in Air Magic
   300 | D:5      | Reached skill level 1 in Earth Magic
   300 | D:5      | Reached skill level 1 in Poison Magic
   300 | D:5      | Reached skill level 1 in Evocations
   300 | D:5      | Reached XP level 4. HP: 11/41 MP: 4/6
   300 | D:5      | Reached XP level 5. HP: 13/47 MP: 4/7
   305 | D:5      | Noticed an ice beast
   319 | D:5      | Killed an ice beast
   320 | D:5      | Reached XP level 6. HP: 6/53 MP: 6/8
   324 | D:5      | Splashed by a jelly's acid

Illustrated notes

Levels and vault maps discovered:
D:5:      layout_loops_ring, grunt_temple_overflow_diamond

Skill      XL: |  1  2  3  4  5 |
---------------+----------------+-----
Stealth        | |  9.7
Invocations    | 1 2 |  2.1
Long Blades    | 1 |  1.9
Axes           | 1 |  1.9
Maces & Flails | 1 |  1.9
Polearms       | 1 |  1.9
Staves         | 1 |  1.9
Slings         | 1 |  1.9
Bows           | 1 |  1.9
Crossbows      | 1 |  1.9
Throwing       | 1 |  1.9
Armour         | 1 |  1.9
Shields        | 1 |  1.9
Unarmed Combat | 1 |  1.9
Spellcasting   | 1 |  1.9
Conjurations   | 1 |  1.5
Hexes          | 1 |  1.5
Summonings     | 1 |  1.5
Necromancy     | 1 |  1.5
Translocations | 1 |  1.5
Transmutations | 1 |  1.5
Fire Magic     | 1 |  1.5
Ice Magic      | 1 |  1.5
Air Magic      | 1 |  1.5
Earth Magic    | 1 |  1.5
Poison Magic   | 1 |  1.5
Evocations     | 1 |  1.9
Fighting       | |  6.8
Short Blades   | |  4.9
Dodging        | |  4.9

Action                   |  1- 3 |  4- 6 || total
-------------------------+-------+-------++-------
Melee: Morningstar       |     8 |    20 ||    28
       Bite              |       |     1 ||     1
Throw: Stone             |     4 |       ||     4
Evoke: Wand              |     4 |     1 ||     5
  Use: Potion            |       |     3 ||     3
Armor: Leather armour    |     4 |     4 ||     8
Dodge: Dodged            |    12 |    19 ||    31
